 Dungeon Crawl Stone Soup version 0.31-a0-196-g86fe4a5e66 (webtiles) character file.

Game seed: 3493932695197866371

546 Armakuni the Firebug (level 7, 0/46 HPs)
             Began as a Human Fire Elementalist on June 13, 2023.
             Was an Initiate of Gozag.
             Slain by Edmund
             ... wielding a +1 flail of holy wrath
              (10 damage)
             ... on level 4 of the Dungeon on June 24, 2023.
             The game lasted 00:17:02 (3763 turns).

Armakuni the Firebug (Human Fire Elementalist)      Turns: 3763, Time: 00:17:03

Health: 0/46       AC:  6    Str: 11    XL:     7   Next: 53%
Magic:  13/13      EV: 12    Int: 15    God:    Gozag
Gold:   300        SH:  0    Dex: 13    Spells: 4/14 levels left

rFire   . . .        a - +2 hand axe "Locroah" {heavy, *Rage rElec rN+ rCorr}
rCold   . . .        (no shield)
rNeg    + . .        m - +0 robe
rPois   .            l - +1 helmet
rElec   +            e - +0 cloak
rCorr   +            r - +0 pair of gloves
SInv    .            (no boots)
Will    .....        M - amulet of magic regeneration
Stlth   ++           (no ring)
HPRegen 0.27/turn    (no ring)
MPRegen 0.53/turn

%: random rage (20%)
@: no status effects
A: no striking features
a: Renounce Religion, Potion Petition, Call Merchant, Bribe Branch


You were on level 4 of the Dungeon.
You worshipped Gozag.
Gozag was aware of your devotion.
You visited 2 branches of the dungeon, and saw 6 of its levels.

You collected 340 gold pieces.
You paid 40 gold pieces to Gozag.

Inventory:

Hand Weapons
 a - the +2 hand axe "Locroah" (weapon) {heavy, *Rage rElec rN+ rCorr}
   (You found it on level 4 of the Dungeon)

   rElec:     It insulates you from electricity.
   rN:        It protects you from negative energy.
   *Rage:     It berserks you when you make melee attacks (+20% chance).
   rCorr:     It protects you from acid and corrosion.
Missiles
 k - 4 poisoned darts
Armour
 e - a +0 cloak (worn)
 l - a +1 helmet (worn)
 m - a +0 robe (worn)
 r - a +0 pair of gloves (worn)
Jewellery
 M - an amulet of magic regeneration (around neck)
Wands
 o - a wand of flame (22)
Scrolls
 g - a scroll of revelation
 i - a scroll of identify
 p - a scroll of immolation
 q - a scroll of blinking {unknown}
Potions
 b - a potion of magic
 c - 2 potions of haste {unknown}
 d - a potion of attraction {unknown}
 f - a potion of enlightenment
 h - 4 potions of brilliance
 j - a potion of curing {unknown}
 n - a potion of degeneration {unknown}


   Skills:
 - Level 2.0 Dodging
 - Level 2.0 Stealth
 - Level 4.0 Spellcasting
 + Level 2.7 Conjurations
 - Level 4.0 Translocations
 - Level 5.0 Fire Magic


You had 4 spell levels left.
You knew the following spells:

 Your Spells              Type           Power      Damage    Failure   Level
a - Foxfire               Conj/Fire      56%        2x1d6     3%          1
m - Iskenderun's Mystic   Conj/Tloc      13%        2d5       41%         4
s - Scorch                Fire           36%        2d6       3%          2
v - Volatile Blastmotes   Fire/Tloc      32%        2d12      9%          3

Your spell library contained the following spells:

 Spells                   Type           Power      Damage    Failure   Level
 Inner Flame              Hex/Fire       10%        N/A       19%         3
 Dazzling Flash           Conj/Hex       14%        N/A       30%         3
 Flame Wave               Conj/Fire      14%        2d6       36%         4
 Ozocubu's Armour         Ice            3%         N/A       47%         3
 Alistair's Intoxication  Tmut/Pois      2%         N/A       99%         5
 Borgnjor's Vile Clutch   Necr/Erth      1%         N/A       99%         5
 Starburst                Conj/Fire      7%         6d4       99%         6
 Eringya's Noxious Bog    Tmut/Pois      1%         N/A       100%        6
 Ozocubu's Refrigeration  Ice            1%         4d7       100%        7


Dungeon Overview and Level Annotations

Branches:
Dungeon (5/15)             Temple (1/1) D:5

Altars:
Ashenzari
Cheibriados
Gozag
Hepliaklqana
Kikubaaqudgha
Makhleb
Nemelex Xobeh
Qazlal
Trog
Uskayaw
Vehumet
Xom
Yredelemnul
Zin
The Shining One

Shops:
D:2 :   D:3 :(?

Annotations:
D:4 Edmund


Message History

Edmund hits you but does no damage.
There is a stone staircase leading down here.
You hit Edmund.
Edmund is lightly wounded.
Edmund hits you with a +1 flail of holy wrath!
Edmund misses you.
You closely miss Edmund.
Edmund is lightly wounded.
Edmund hits you with a +1 flail of holy wrath.
Edmund closely misses you.
You barely miss Edmund.
Edmund hits you with a +1 flail of holy wrath.
Edmund hits you with a +1 flail of holy wrath!
You are too injured to fight recklessly!
You are too injured to fight recklessly!
You are too injured to fight recklessly!
You are too injured to fight recklessly!
You are too injured to fight recklessly!
You barely miss Edmund. Edmund misses you. Edmund hits you but does no damage.
You slash Edmund!
Edmund is moderately wounded.
Edmund hits you with a +1 flail of holy wrath.
Edmund misses you.
You closely miss Edmund.
Edmund is moderately wounded.
Edmund barely misses you. Edmund closely misses you.
You slash Edmund!
Edmund is heavily wounded.
Edmund hits you but does no damage. Edmund barely misses you.
You hit Edmund.
Edmund is heavily wounded.
Edmund barely misses you.
Edmund hits you with a +1 flail of holy wrath!
* * * LOW HITPOINT WARNING * * *
You hit Edmund but do no damage.
Edmund is heavily wounded.
Edmund barely misses you.
Edmund hits you with a +1 flail of holy wrath!
You die...
Your body crumbles into a pile of gold.

.. # #..........#..#.....#
... #.#.#..#.#+###.######.#
.. #..<.............# #.<#
.. ######.......#.#.###@.#
.# #.......#........# .#
#.......#..####... .#
.##.#######.......#..# ####
.####..#.#............##..#
................@@.....#..#
####.#.#.#.#####..........#
#.#....#.# ..# #.......##.#
..#..#.#.# #.# #.#####.##.#
......##.# #.###.### #.##.#
#..#.....###.......###.##.#
#.....##................#.#
#......#.####...........#.#
#......#.## #.............#


You could see Edmund.

Vanquished Creatures
  Grinder (D:5)
  2 centaurs
  An iguana (D:4)
  Robin (D:1)
  7 adders
  2 white imps
  A worm (D:2)
  A dart slug (D:5)
  2 orcs
  A bat (D:2)
  7 endoplasms
  A giant cockroach (D:3)
  9 hobgoblins
  6 jackals
  A quokka (D:3)
  8 ball pythons
  3 frilled lizards
  10 goblins
  4 kobolds
  7 rats
75 creatures vanquished.

Vanquished Creatures (collateral kills)
  An adder (D:2)
1 creature vanquished.

Vanquished Creatures (others)
  130 foxfires
130 creatures vanquished.

Grand Total: 206 creatures vanquished

Notes
Turn   | Place    | Note
-------+----------+-------------------------------------------
     0 | D:1      | Armakuni the Human Fire Elementalist began the quest for
                  | the Orb.
     0 | D:1      | Reached XP level 1. HP: 13/13 MP: 3/3
   297 | D:1      | Reached XP level 2. HP: 19/19 MP: 3/5
   818 | D:2      | Reached XP level 3. HP: 24/24 MP: 3/6
   997 | D:2      | Found a sparkling altar of Nemelex Xobeh.
  1070 | D:2      | Upgraded the game from 0.31-a0-161-gb58dd9be76 to
                  | 0.31-a0-174-g85c54bcb58
  1105 | D:2      | Noticed Robin
  1271 | D:1      | Killed Robin
  1347 | D:2      | Reached XP level 4. HP: 26/30 MP: 8/8
  1388 | D:2      | Found Unoemur's Book Emporium.
  1413 | D:2      | Reached skill level 4 in Fire Magic
  1802 | D:3      | Found Oqeokyut's Weapon Emporium.
  1810 | D:3      | You fall into a shaft and drop 2 floors!
  1810 | D:5      | Entered Level 5 of the Dungeon
  1897 | D:5      | Noticed Grinder
  1902 | D:5      | Learned a level 2 spell: Scorch
  1937 | D:5      | Reached XP level 5. HP: 35/35 MP: 8/10
  1959 | D:5      | Noticed a centaur
  1970 | D:5      | Killed a centaur
  2017 | D:5      | Upgraded the game from 0.31-a0-174-g85c54bcb58 to
                  | 0.31-a0-187-gba352fbbf7
  2107 | D:5      | Reached XP level 6. HP: 41/41 MP: 10/12
  2149 | D:5      | Found a staircase to the Ecumenical Temple.
  2155 | Temple   | Entered the Ecumenical Temple
  2255 | Temple   | Learned a level 4 spell: Iskenderun's Mystic Blast
  2269 | Temple   | Became a worshipper of Gozag Ym Sagoz the Greedy
  2381 | D:5      | Found a radiant altar of Vehumet.
  2427 | D:4      | Identified the +2 hand axe "Locroah" {heavy, *Rage rElec
                  | rN+ rCorr}
  2557 | D:4      | Reached skill level 5 in Fire Magic
  2666 | D:4      | Reached skill level 1 in Translocations
  2763 | D:3      | Upgraded the game from 0.31-a0-187-gba352fbbf7 to
                  | 0.31-a0-188-g5e087ee2ca
  2891 | D:3      | Learned a level 3 spell: Volatile Blastmotes
  2934 | D:3      | Found Emnirik's Book Shop.
  2940 | D:3      | Upgraded the game from 0.31-a0-188-g5e087ee2ca to
                  | 0.31-a0-196-g86fe4a5e66
  3364 | D:3      | Found Gokova Teimm's Magic Scroll Shop.
  3467 | D:4      | Noticed Edmund
  3714 | D:5      | Killed Grinder
  3715 | D:5      | Reached XP level 7. HP: 46/46 MP: 13/13
  3763 | D:4      | Slain by Edmund

Illustrated notes

Levels and vault maps discovered:
D:1:      eino_arrival_cavern_a, layout_loops_ring
D:2:      layout_basic, basic_altar, serial_shops, shop, uniq_jessica,
          uniq_robin
D:3:      layout_loops_cross, serial_shops, shop, shop, shop,
          minmay_misc_feat_square
D:4:      layout_basic, uniq_edmund
D:5:      layout_basic, nicolae_vehumet_altar_sigil,
          minmay_temple_entry_gardened_gates, uniq_grinder
Temple:   jpeg_temple_clearing

Skill      XL: |  1  2  3  4  5  6 |
---------------+-------------------+-----
Spellcasting   | 3 4 |  4.0
Fire Magic     | 4 5 |  5.0
Translocations | 4 |  4.0
Conjurations   | 2 |  2.7
Dodging        | |  2.0
Stealth        | |  2.0

Action                     |  1- 3 |  4- 6 |  7- 9 || total
---------------------------+-------+-------+-------++-------
  Melee: Unarmed           |     9 |       |       ||     9
         Whip              |    13 |       |       ||    13
         Dagger            |     1 |     5 |       ||     6
         Hand axe          |       |    60 |     9 ||    69
         Punch             |       |     3 |       ||     3
   Cast: Foxfire           |    47 |    26 |       ||    73
         Scorch            |       |     8 |       ||     8
         Volatile Blastmot |       |     4 |       ||     4
    Use: Scroll            |     1 |     7 |       ||     8
         Potion            |       |     2 |       ||     2
   Stab: Sleeping          |       |     4 |       ||     4
 Armour: Robe              |    14 |    40 |     3 ||    57
  Dodge: Dodged            |    31 |    78 |     9 ||   118

Table legend: (Time is in decaauts)
 A = Elapsed time spent in this place.
 B = Non-inter-level travel time spent in this place.
 C = Inter-level travel time spent in this place.
 D = Time resting spent in this place.
 E = Time spent auto-exploring this place.
 F = Levels seen in this place.
 G = Mean time per level.
                   A        B        C        D        E       F      G
               +--------+--------+--------+--------+--------+-----+--------+
         Total |   3913 |   3586 |    327 |    616 |   2015 |   6 |  652.2 |
       Dungeon |   3772 |   3485 |    287 |    616 |   1933 |   5 |  754.4 |
        Temple |    141 |    101 |     40 |      0 |     82 |   1 |  141.0 |
               +--------+--------+--------+--------+--------+-----+--------+

Top non-repeatable levels by time:
     D:3: 989 daAuts
     D:1: 915 daAuts
     D:2: 834 daAuts
     D:4: 533 daAuts
     D:5: 498 daAuts
  Temple: 141 daAuts
